 Dungeon Crawl Stone Soup version 0.32-a0-441-gaf4921d101 (webtiles) character file.

Game seed: 6242002250123878321

30 Morbidden the Changeling (level 3, -3/28 HPs)
             Began as an Armataur Shapeshifter on Feb 23, 2024.
             Slain by a goblin
             ... wielding a +0 club
             ... led by Robin
              (4 damage)
             ... on level 2 of the Dungeon.
             The game lasted 00:01:00 (553 turns).

Morbidden the Changeling (Armataur Shapeshifter)     Turns: 553, Time: 00:01:01

Health: -3/28      AC:  4    Str: 21    XL:     3   Next: 5%
Magic:  3/3        EV:  9    Int: 10    God:
Gold:   29         SH:  0    Dex:  9    Spells: 3/3 levels left

rFire   . . .        a - +0 dagger (venom)
rCold   . . .        (no shield)
rNeg    . . .        g - +0 animal skin
rPois   .            (helmet currently unavailable)
rElec   .            (cloak currently unavailable)
rCorr   .            (gloves currently unavailable)
SInv    .            (no barding)
Will    .....        (no amulet)
Stlth   +            (no ring)
HPRegen 0.24/turn    (no ring)
MPRegen 0.08/turn

%: roll
@: beast-form
A: beast (slay +1), large, deformed body, tough skin 3, armoured tail, roll 1
a: Begin Untransformation


You were on level 2 of the Dungeon.
You were a hulking beast.
You visited 1 branch of the dungeon, and saw 2 of its levels.

You collected 29 gold pieces.

Inventory:

Hand Weapons
 a - a +0 dagger of venom (weapon)
 b - a +0 war axe
Armour
 g - a +0 animal skin (worn)
 j - a +0 cloak
Talismans
 c - a beast talisman (active)
 d - a flux talisman
Scrolls
 e - 2 scrolls of immolation {unknown}
 f - a scroll of enchant weapon {unknown}
 h - a scroll of fog {unknown}
 m - a scroll of enchant armour {unknown}
 n - a scroll of teleportation {unknown}
Potions
 i - a potion of might {unknown}
 k - 2 potions of lignification
 l - a potion of heal wounds {unknown}


   Skills:
 * Level 1.1 Fighting
 * Level 0.2 Axes
 * Level 1.5 Dodging
 - Level 2.8 Unarmed Combat
 * Level 0.5 Spellcasting
 * Level 3.2 Shapeshifting


You had 3 spell levels left.
You didn't know any spells.
Your spell library was empty.

Dungeon Overview and Level Annotations

Branches:
Dungeon (2/15)

Altars:

Annotations:
D:2 Robin


Innate Abilities, Weirdness & Mutations

You are a hulking beast.
Your limbs bulge with bestial killing power. (Slay +1)
Armour fits poorly on your strangely shaped body.
You have extremely tough skin. (AC +3)
You have a long armoured tail.
You regenerate magic when rolling toward enemies. (Rampage MPRegen)


Message History

The goblin goes into a battle-frenzy!
The jackal barely misses you. The goblin closely misses you.
You closely miss the goblin.
The jackal bites you but does no damage.
The jackal closely misses you.
A goblin comes into view. It is wielding a +0 club.
The goblin hits you but does no damage.
You completely miss the jackal. You tail-slap the jackal.
You kill the jackal!
The goblin no longer looks unusually strong.
The goblin closely misses you.
You have reached level 3!
Your experience leads to an increase in your attributes!
Increase (S)trength, (I)ntelligence, or (D)exterity?
You feel stronger. x2
You hit the goblin.
You kill the goblin!
The goblin no longer looks unusually strong.
Robin throws the goblin at you! The goblin hits you but does no damage.
The goblin closely misses you.
You closely miss the goblin. The goblin closely misses you.
The goblin hits you with a +0 club.
* * * LOW HITPOINT WARNING * * *
You closely miss the goblin.
The goblin hits you but does no damage. x2
Unknown command.
You barely miss the goblin.
The goblin no longer looks unusually strong.
Robin laughs in a distinctly smug fashion.
The goblin hits you with a +0 club.
* * * LOW HITPOINT WARNING * * *
The goblin hits you but does no damage.
Unknown command.
You closely miss the goblin. The goblin hits you but does no damage.
The goblin hits you with a +0 club.
* * * LOW HITPOINT WARNING * * *
Unknown command.
You hit the goblin.
The goblin is poisoned.
The goblin is heavily wounded.
The goblin barely misses you. The goblin hits you with a +0 club.
You die...

...... .....
#...# #...#
#...####
#......
#....######.#
#...ggghg..#
#..gg#######
#).......
#######)#...###
#.....g.#...#
##.##....#....#
#..
#....#<.....
###gg
#....#......
g.gg##....#
###.


You could see Robin and 5 goblins.

Vanquished Creatures
  2 dart slugs (D:1)
  4 bats (D:1)
  A giant cockroach (D:1)
  A hobgoblin (D:1)
  2 jackals (D:2)
  2 kobolds (D:1)
  A quokka (D:1)
  2 ball pythons (D:1)
  7 goblins
  A rat (D:1)
23 creatures vanquished.

Notes
Turn   | Place    | Note
-------+----------+-------------------------------------------
     0 | D:1      | Morbidden the Armataur Shapeshifter began the quest for the
                  | Orb.
     0 | D:1      | Reached XP level 1. HP: 15/15 MP: 1/1
   109 | D:1      | Reached skill level 1 in Fighting
   137 | D:1      | Reached XP level 2. HP: 23/23 MP: 2/2
   142 | D:1      | Reached skill level 3 in Shapeshifting
   511 | D:2      | Noticed Robin
   548 | D:2      | Reached XP level 3. HP: 10/28 MP: 3/3
   552 | D:2      | HP: 1/28 [goblin/+0 club[Robin] (5)]
   553 | D:2      | Slain by a goblin

Illustrated notes

Levels and vault maps discovered:
D:1:      erik_arrival_orb_chamber, layout_basic, chequers_garden
D:2:      layout_basic, uniq_robin

Skill      XL: |  1  2 |
---------------+-------+-----
Fighting       | 1 |  1.1
Shapeshifting  | 3 |  3.2
Axes           | |  0.2
Dodging        | |  1.5
Unarmed Combat | |  2.8
Spellcasting   | |  0.5

Action                     || total
---------------------------++-------
  Melee: Unarmed           ||    33
         Tailslap          ||     9
         Dagger            ||    36
   Stab: Sleeping          ||     2
 Armour: Animal skin       ||    59
  Dodge: Dodged            ||    48

Table legend: (Time is in decaauts)
 A = Elapsed time spent in this place.
 B = Non-inter-level travel time spent in this place.
 C = Inter-level travel time spent in this place.
 D = Time resting spent in this place.
 E = Time spent auto-exploring this place.
 F = Levels seen in this place.
 G = Mean time per level.
                   A        B        C        D        E       F      G
               +--------+--------+--------+--------+--------+-----+--------+
         Total |    550 |    524 |     26 |      0 |    374 |   2 |  275.0 |
       Dungeon |    550 |    524 |     26 |      0 |    374 |   2 |  275.0 |
               +--------+--------+--------+--------+--------+-----+--------+

Top non-repeatable levels by time:
     D:1: 508 daAuts
     D:2: 41 daAuts
